 Dungeon Crawl Stone Soup version 0.22-a0-612-gd2f0174 (webtiles) character file.

65 Hebeh the Firebug (level 3, -1/19 HPs)
             Began as a Deep Elf Fire Elementalist on July 11, 2018.
             Killed by nerve-wracking pain
             ... invoked by Jessica
              (12 damage)
             ... on level 2 of the Dungeon.
             The game lasted 00:05:53 (1189 turns).

Hebeh the Firebug (Deep Elf Fire Elementalist)      Turns: 1189, Time: 00:05:57

Health: -1/19      AC:  2    Str:  5    XL:     3   Next: 94%
Magic:  5/10       EV: 13    Int: 20    God:
Gold:   38         SH:  0    Dex: 15    Spells: 8/9 levels left

rFire    . . .     SeeInvis .   d - +0 dagger (curse)
rCold    . . .     Gourm    .   (no shield)
rNeg     . . .     Faith    .   a - +0 robe
rPois    .         Spirit   .   (no helmet)
rElec    .         Reflect  .   (no cloak)
rCorr    .         Harm     .   (no gloves)
MR       .....                  (no boots)
Stlth    ++........             (no amulet)
HPRegen  0.06/turn              (no ring)
MPRegen  0.12/turn              (no ring)

@: no status effects
A: no striking features
a: no special abilities


You were on level 2 of the Dungeon.
You were not hungry.

You visited 1 branch of the dungeon, and saw 2 of its levels.

You collected 38 gold pieces.

Inventory:

Hand Weapons
 d - a cursed +0 dagger (weapon)
 j - a +2 dagger of venom
 k - a +1 mace of protection
Missiles
 b - 30 stones (quivered)
 e - 16 sling bullets
Armour
 a - a +0 robe (worn)
Scrolls
 f - a scroll of remove curse {unknown}
 i - a scroll of teleportation {unknown}
Potions
 h - a potion of agility {unknown}
Comestibles
 c - 4 rations
 g - 3 chunks of flesh


   Skills:
 - Level 2.4 Dodging
 - Level 2.4 Stealth
 + Level 3.8 Spellcasting
 * Level 3.1 Conjurations
 + Level 3.8 Fire Magic


You had 8 spell levels left.
You knew the following spells:

 Your Spells              Type           Power        Failure   Level  Hunger
a - Flame Tongue          Conj/Fire      ###..        3%          1    None

Your spell library contained the following spells:

 Spells                   Type           Power        Failure   Level  Hunger
 Fireball                 Conj/Fire      ###.......   65%         5    ######.
 Conjure Flame            Conj/Fire      ###.....     10%         3    ###....
 Throw Flame              Conj/Fire      ###...       4%          2    ##.....
 Sticky Flame             Conj/Fire      ###.....     30%         4    ####...
 Inner Flame              Hex/Fire       ##......     19%         3    ###....


Dungeon Overview and Level Annotations

Branches:
Dungeon (2/15)

Altars:

Annotations:
D:2 Jessica, Robin


Message History

Aiming: Flame Tongue (safe; 3% risk of failure)
Press: ? - help, Shift-Dir - straight line, f/p - Terence
Aim: Terence, wielding a flail and wearing a ring mail (heavily wounded)
The flame tongue hits Terence.
Terence is severely wounded.
The quokka bites you.
The leopard gecko bites you but does no damage.
Casting: Flame Tongue (safe; 3% risk of failure)
Confirm with . or Enter, or press ? or * to list all spells.
Aiming: Flame Tongue (safe; 3% risk of failure)
Press: ? - help, Shift-Dir - straight line, f/p - Terence
Aim: Terence, wielding a flail and wearing a ring mail (severely wounded)
The flame tongue hits Terence.
You kill Terence!
Your Conjurations skill increases to level 3!
The quokka barely misses you. The leopard gecko bites you.
Jessica gestures at you while chanting. Pain shoots through your body!
Ouch! That really hurt!
You die...

#. ...... #.#
...... ##..##
#......
##.....#.......
#.............%
...(..@.....(..
......)........
.....Kr@?......
......l........
...........##.#
# ....>.....##
#.###
#........##
#....
##.....#.# #.
###### .. #. ##
## #


You could see Jessica, a leopard gecko, a quokka and a kobold.

Vanquished Creatures
  Terence (D:2)
  A dart slug (D:1)
  3 leopard geckos (D:1)
  A bat (D:1)
  2 giant cockroaches (D:1)
  7 hobgoblins (D:1)
  4 kobolds (D:1)
  4 frilled lizards (D:1)
  6 goblins (D:1)
  3 rats (D:1)
32 creatures vanquished.

Notes
Turn   | Place    | Note
-------+----------+-------------------------------------------
     0 | D:1      | Hebeh the Deep Elf Fire Elementalist began the quest for the Orb.
     0 | D:1      | Reached XP level 1. HP: 10/10 MP: 6/6
   199 | D:1      | Reached XP level 2. HP: 15/15 MP: 1/8
   681 | D:1      | Reached XP level 3. HP: 19/19 MP: 7/10
   977 | D:2      | Noticed Robin
  1184 | D:2      | Noticed Terence
  1184 | D:2      | Noticed Jessica
  1189 | D:2      | Killed Terence
  1189 | D:2      | Killed from afar by Jessica

Vault maps used:
D:1:      nzn_arrival_water_spiral, minmay_surrounded
D:2:      lemuel_round_altar, minmay_overflow_temple_star_quad, first_ration,
          grunt_ministairs_1, uniq_terence, uniq_jessica, uniq_robin,
          uniq_crazy_yiuf_cottage

Skill      XL: |  1  2  3 |
---------------+----------+-----
Conjurations   | 2 3 |  3.1
Dodging        | |  2.4
Stealth        | |  2.4
Spellcasting   | |  3.8
Fire Magic     | |  3.8

Action                   || total
-------------------------++-------
Melee: Dagger            ||    12
 Cast: Flame Tongue      ||    57
  Eat: Chunk             ||     1
Armor: Robe              ||     5
Dodge: Dodged            ||    34

Table legend:
 A = Spawn XP
 B = Non-spawn XP
 C = Spawn XP percentage of total XP
 D = Spawn monster count
 E = Non-spawn monster count
 F = Spawn count percentage of total count
 G = Total turns spent on level
                    A         B        C        D         E        F      G
               +---------+---------+-------+---------+---------+-------+---------
         Total |       0 |      94 |   0.0 |       0 |      32 |   0.0 |  1189
               +---------+---------+-------+---------+---------+-------+---------
           D:1 |       0 |      58 |   0.0 |       0 |      31 |   0.0 |  1182
           D:2 |       0 |      36 |   0.0 |       0 |       1 |   0.0 |     7
               +---------+---------+-------+---------+---------+-------+---------
